 Dungeon Crawl Stone Soup version 0.24.0-29-g8ce449bc06 (webtiles) character file.

Game seed: 9186634302426432259, levelgen mode: deterministic

61882 Flugslaktarn the Cleaver (level 14, -24/130 HPs)
             Began as a Deep Dwarf Fighter on Nov 13, 2019.
             Was the Champion of Makhleb.
             Annihilated by Asterion
             ... wielding a +4 demon blade of pain
              (37 damage)
             ... on level 1 of the Spider Nest.
             The game lasted 00:13:21 (14242 turns).

Flugslaktarn the Cleaver (Deep Dwarf Fighter)      Turns: 14242, Time: 00:13:22

Health: -24/130    AC: 18    Str: 26    XL:     14   Next: 62%
Magic:  11/11      EV: 13    Int:  8    God:    Makhleb [******]
Gold:   316        SH: 13    Dex: 14    Spells: 13/13 levels left

rFire    + . .     SeeInvis .   L - +10 war axe "Ijach" {speed, Dex+2}
rCold    . . .     Gourm    .   c - +0 shield
rNeg     + . .     Faith    .   F - +2 chain mail {MR+}
rPois    .         Spirit   .   (no helmet)
rElec    .         Reflect  .   G - +1 cloak
rCorr    .         Harm     .   P - +0 pair of gloves
MR       +++++                  (no boots)
Stlth    ..........             (no amulet)
HPRegen  0.00/turn              m - ring of protection from magic
MPRegen  0.12/turn              A - ring of protection from magic

@: very slightly contaminated, non-regenerating
A: damage resistance, heal wounds, fire resistance 1, negative energy resistance
1, sense surroundings 2, no regeneration
a: Heal Wounds, Minor Destruction, Lesser Servant of Makhleb, Major Destruction,
Greater Servant of Makhleb, Renounce Religion


You were on level 1 of the Spider Nest.
You worshipped Makhleb.
Makhleb was exalted by your worship.
You were not hungry.

You visited 5 branches of the dungeon, and saw 21 of its levels.
You also visited: Ossuary and Ice Cave.

You collected 1529 gold pieces.
You spent 1213 gold pieces at shops.

Inventory:

Hand Weapons
 a - a +4 hand axe of flaming
   (You took it off a big kobold on level 8 of the Dungeon)
 b - a +0 war axe
 r - a +2 broad axe of freezing
   (You took it off an orc knight on level 2 of the Orcish Mines)
 L - the +10 war axe "Ijach" (weapon) {speed, Dex+2}
   (You bought it in a shop on level 2 of the Orcish Mines)

   Attacks with this weapon are significantly faster.
   It affects your dexterity (+2).
Armour
 c - a +0 shield (worn)
 D - a +0 plate armour
   (You found it on level 7 of the Dungeon)
 F - a +2 chain mail of magic resistance (worn)
   (You bought it in a shop on level 2 of the Orcish Mines)
 G - a +1 cloak (worn)
   (You took it off Maurice on level 9 of the Dungeon)
 M - a scarf of resistance
   (You found it on level 3 of the Lair of Beasts)
 P - a +0 pair of gloves (worn)
   (You found it on level 4 of the Lair of Beasts)
Jewellery
 g - an uncursed ring of fire
   (You found it on level 4 of the Dungeon)
 i - an uncursed ring of see invisible
   (You found it on level 2 of the Dungeon)
 m - a ring of protection from magic (left hand)
   (You found it in an ossuary)
 p - a +1 ring of protection
   (You found it on level 6 of the Dungeon)
 y - a +5 ring of protection
   (You bought it in a shop on level 2 of the Orcish Mines)
 A - a ring of protection from magic (right hand)
   (You found it on level 2 of the Lair of Beasts)
Wands
 l - a wand of acid (4)
   (You found it on level 4 of the Dungeon)
 u - a wand of enslavement (30)
   (You found it on level 5 of the Dungeon)
 v - a wand of digging (11)
   (You found it on level 4 of the Lair of Beasts)
 C - a wand of paralysis (12)
   (You found it on level 2 of the Lair of Beasts)
 R - a wand of iceblast (9)
   (You found it on level 6 of the Lair of Beasts)
Scrolls
 f - a scroll of magic mapping
 j - 3 scrolls of enchant armour
 o - 3 scrolls of summoning
 t - 8 scrolls of teleportation
 x - 6 scrolls of remove curse
 z - 5 scrolls of blinking
 B - a scroll of fear
 J - a scroll of fog
Potions
 d - 6 potions of might
 h - 4 potions of haste
 k - 2 potions of berserk rage
 n - a potion of resistance
 q - 10 potions of curing
 s - 3 potions of agility
 w - 5 potions of heal wounds
 E - 3 potions of ambrosia
 H - a potion of flight
 I - a potion of invisibility
 Q - 3 potions of lignification
Miscellaneous
 T - a lamp of fire
   (You found it on level 6 of the Lair of Beasts)
Comestibles
 e - 38 rations
 K - 4 chunks of flesh


   Skills:
 + Level 9.7 Fighting
 * Level 14.9 Axes
 + Level 11.3 Armour
 + Level 9.5 Dodging
 + Level 11.3 Shields
 + Level 9.7 Invocations
 - Level 11.0 Evocations


You had 13 spell levels left.
You didn't know any spells.
Your spell library was empty.

Dungeon Overview and Level Annotations

Branches:
Dungeon (11/15)            Temple (1/1) D:4            Lair (6/6) D:10
 Shoals (0/4) Lair:2       Spider (1/4) Lair:2        Slime (0/5) Lair:6
    Orc (2/2) D:10            Elf (0/3) Orc:2       Ossuary (visited)
  IceCv (visited)

Altars:
Ashenzari
Cheibriados
Dithmenos
Elyvilon
Fedhas
Gozag
Hepliaklqana
Kikubaaqudgha
Makhleb
Nemelex Xobeh
Okawaru
Qazlal
Ru
Sif Muna
Trog
Uskayaw
Vehumet
Wu Jian
Xom
Yredelemnul
Zin
The Shining One
Beogh

Shops:
Orc:2 =*[(

Annotations:
Lair:2 3 runed translucent doors, Pechyafi's ghost, journeyman DDEE
Lair:6 1 exclusion
Spider:1 Asterion
Orc:2 exclusion: door


Innate Abilities, Weirdness & Mutations

You are resistant to damage.
You can heal yourself by infusing magical energy.
You resist negative energy. (rN+)
You passively map the area around you.
You do not regenerate.
Your flesh is heat resistant. (rF+)


Message History

The Executioner hits you but does no damage.
Asterion blocks your attack.
Asterion is heavily wounded.
You barely miss the redback. You slash the Executioner!
The Executioner hits you but does no damage.
You block the Executioner's attack. x2; Asterion closely misses you.
Asterion gores you but does no damage.
The redback bites you but does no damage.
A redback comes into view.
Asterion blocks your attack.
Asterion is heavily wounded.
You slash the Executioner!
You kill the Executioner!
You closely miss the redback. You slash the jumping spider!
A tarantella comes into view.
The jumping spider pounces on you!
* * * LOW HITPOINT WARNING * * *
The jumping spider barely misses you.
Asterion hits you with a +4 demon blade of pain!!!
You die...

........^............ , ≈
.#...^...............##,,
** ...#...^.s...........^
.........s..........^#
....#..#.....##.....# **
* ...............^.%.# ≈
...........<...#...#.#. *
.............ss...^...
.............#@....... *
, ............sH....... *
,, ....#.............. ≈
, * ,...................
,**, ,
,................... , ,
, ...........#..#.... , ,
.................. , ,
...#.........###. , , , ,
,............. ,,,


You could see Asterion, a wolf spider, a jumping spider, a tarantella
(wandering) and 2 redbacks.

Vanquished Creatures
  An orc warlord (Orc:2)
  Nessos (Lair:5)
  A fire dragon (Lair:6)
  Fannar (Orc:1)
  4 hydras
  3 two-headed ogres
  Urug (Orc:2)
  An orc high priest (Orc:2)
  Pikel (D:8)
  A lindwurm (Lair:6)
  4 wolf spiders (Spider:1)
  3 orc knights (Orc:2)
  An orb spider (Spider:1)
  5 orc sorcerers (Orc:2)
  Maurice (D:9)
  5 torpor snails (Lair:6)
  7 black mambas
  9 spiny frogs
  2 demonic crawlers (Spider:1)
  3 komodo dragons
  4 rime drakes
  2 ice devils (Lair:1)
  12 polar bears
  7 jumping spiders (Spider:1)
  2 trolls (Orc:2)
  7 hornets
  4 slime creatures (Lair:6)
  7 blink frogs
  4 tyrant leeches (Lair:6)
  A raiju (Lair:6)
  9 dream sheep
  7 hippogriffs
  9 tarantellas (Spider:1)
  21 redbacks
  A wyvern (D:10)
  3 basilisks
  21 yaks
  A hungry ghost (D:9)
  9 wargs
  11 water moccasins
  14 hell hounds (Lair:6)
  12 porcupines
  A slave (D:8)
  4 ice beasts
  12 black bears
  A sky beast (D:9)
  A necrophage (D:8)
  21 orc warriors
  2 phantoms
  9 centaurs
  5 ogres
  24 wolves
  11 crocodiles
  9 big kobolds
  19 bullfrogs
  2 scorpions
  14 killer bees
  5 howler monkeys
  2 crimson imps
  4 human zombies (Ossuary)
  2 centaur zombies
  3 bullfrog skeletons
  3 hounds
  2 jellies (D:10)
  16 orc priests
  3 iguanas
  7 hell rats (Lair:4)
  17 orc wizards
  9 worker ants
  3 big kobold zombies (Ossuary)
  2 mummies (Ossuary)
  2 worker ant zombies
  A howler monkey skeleton (D:7)
  7 adders
  3 shadow imps
  An ooze (D:1)
  2 adder zombies
  3 worms
  4 leopard geckos
  72 orcs
  A ball python (D:3)
  2 giant cockroaches (D:3)
  2 hobgoblins (D:3)
  16 jackals
  5 quokkas
  4 bats
  A goblin zombie (Ossuary)
  12 hobgoblin zombies (Ossuary)
  A jackal skeleton (D:4)
  A jackal zombie (Ossuary)
  23 kobolds
  7 kobold zombies (Ossuary)
  2 leopard gecko skeletons (D:4)
  7 orc zombies (Ossuary)
  A rat (D:2)
  6 fungi (D:10)
  4 plants (Lair:6)
626 creatures vanquished.

Vanquished Creatures (collateral kills)
  A torpor snail (Lair:6)
  A hornet (Lair:6)
2 creatures vanquished.

Vanquished Creatures (others)
  A slave (D:8)
  A human (D:3)
  An orc (D:8)
  A quokka (D:8)
  A fungus (D:10)
  14 plants
19 creatures vanquished.

Grand Total: 647 creatures vanquished

Notes
Turn   | Place    | Note
-------+----------+-------------------------------------------
     0 | D:1      | Flugslaktarn the Deep Dwarf Fighter began the quest for the
                  | Orb.
     0 | D:1      | Reached XP level 1. HP: 20/20 MP: 1/1
    20 | D:2      | Found an iron altar of Okawaru.
   237 | D:2      | Reached XP level 2. HP: 20/27 MP: 2/2
   359 | D:3      | Reached skill level 3 in Axes
   359 | D:3      | Reached XP level 3. HP: 33/33 MP: 3/3
   365 | D:3      | Found an ancient bone altar of Kikubaaqudgha.
   366 | D:3      | Noticed a human
   369 | D:3      | Killed a human
   569 | D:4      | Noticed a phantom
   607 | D:4      | Killed a phantom
   607 | D:4      | Reached skill level 4 in Axes
   607 | D:4      | Reached XP level 4. HP: 27/42 MP: 4/4
   607 | D:4      | Reached XP level 5. HP: 32/49 MP: 5/5
   703 | D:4      | Noticed a centaur
   722 | D:4      | Killed a centaur
   722 | D:4      | Reached XP level 6. HP: 52/56 MP: 5/5
   818 | D:4      | Noticed an ice beast
   827 | D:4      | Killed an ice beast
   827 | D:4      | Reached skill level 5 in Axes
   827 | D:4      | Reached skill level 1 in Evocations
   938 | D:4      | Found a staircase to the Ecumenical Temple.
  1054 | Temple   | Entered the Ecumenical Temple
  1816 | D:5      | Entered Level 5 of the Dungeon
  1820 | D:5      | Reached XP level 7. HP: 57/64 MP: 7/7
  2290 | D:5      | Found a hazy altar of Hepliaklqana.
  2399 | D:5      | Reached skill level 5 in Armour
  2443 | D:5      | Reached skill level 5 in Shields
  2609 | D:6      | Found a glowing silver altar of Zin.
  2610 | D:6      | Found a burning altar of Makhleb.
  2611 | D:6      | Noticed an angel
  2625 | D:6      | Noticed a balrug
  2629 | D:6      | Became a worshipper of Makhleb the Destroyer
  2674 | D:6      | Found a shattered altar of Ashenzari.
  2751 | D:6      | Reached skill level 6 in Axes
  2797 | D:6      | Found a shadowy altar of Dithmenos.
  2944 | D:6      | Found a sand-covered staircase.
  2959 | Ossuary  | Entered an ossuary
  3004 | Ossuary  | Reached * piety under Makhleb
  3074 | Ossuary  | Reached XP level 8. HP: 73/73 MP: 8/8
  3306 | D:6      | Found a glowing golden altar of the Shining One.
  3564 | D:7      | Reached ** piety under Makhleb
  3627 | D:7      | Reached skill level 7 in Axes
  3703 | D:7      | Noticed a hippogriff
  3721 | D:7      | Killed a hippogriff
  3721 | D:7      | Reached skill level 5 in Fighting
  3736 | D:7      | Found a sparkling altar of Nemelex Xobeh.
  3915 | D:7      | Found a white marble altar of Elyvilon.
  4091 | D:8      | Noticed Pikel
  4101 | D:8      | Killed Pikel
  4101 | D:8      | Reached skill level 8 in Axes
  4101 | D:8      | Reached skill level 1 in Dodging
  4101 | D:8      | Reached skill level 5 in Evocations
  4101 | D:8      | Gained mutation: You passively map the area around you.
                  | [Deep Dwarf growth]
  4101 | D:8      | Reached XP level 9. HP: 76/81 MP: 9/9
  4226 | D:8      | Reached skill level 9 in Axes
  4248 | D:8      | Noticed a three-headed hydra
  4253 | D:8      | Killed a one-headed hydra
  4253 | D:8      | Reached XP level 10. HP: 55/91 MP: 11/11
  4315 | D:8      | Reached *** piety under Makhleb
  4521 | D:8      | Noticed a two-headed ogre
  4548 | D:8      | HP: 3/91 [two-headed ogre/+0 giant spiked club (12)]
  4551 | D:8      | Killed a two-headed ogre
  4565 | D:8      | Found a basalt altar of Yredelemnul.
  4734 | D:8      | Found a sacrificial altar of Ru.
  4975 | D:9      | Reached skill level 10 in Axes
  5215 | D:9      | Reached **** piety under Makhleb
  5567 | D:9      | Noticed Maurice
  5578 | D:9      | Killed Maurice
  5645 | D:9      | Noticed a two-headed ogre
  5654 | D:9      | Reached skill level 1 in Invocations
  5663 | D:9      | Killed a two-headed ogre
  5663 | D:9      | Reached skill level 5 in Dodging
  5663 | D:9      | Reached XP level 11. HP: 58/99 MP: 10/12
  5889 | D:10     | Entered Level 10 of the Dungeon
  6058 | D:10     | Found a staircase to the Lair.
  6104 | D:10     | Noticed a two-headed ogre
  6120 | D:10     | Killed a two-headed ogre
  6120 | D:10     | Reached skill level 11 in Axes
  6187 | D:10     | Reached ***** piety under Makhleb
  6235 | D:10     | Found a staircase to the Orcish Mines.
  6832 | Lair:1   | Entered Level 1 of the Lair of Beasts
  7060 | Lair:1   | Found a frozen archway.
  7095 | IceCv    | Entered an ice cave
  7095 | IceCv    | Noticed a white ugly thing
  7919 | Lair:2   | Found a staircase to the Shoals.
  7986 | Lair:2   | Reached XP level 12. HP: 65/109 MP: 13/13
  8052 | Lair:2   | Found a hole to the Spider Nest.
  8123 | Lair:2   | Noticed a minotaur
  8133 | Lair:2   | Found a runed translucent gate.
  8133 | Lair:2   | Found a runed translucent gate.
  8222 | Lair:2   | Found a runed translucent gate.
  8256 | Lair:2   | Noticed Pechyafi's ghost (journeyman DDEE)
  8603 | Lair:3   | Reached skill level 12 in Axes
  8755 | Lair:3   | Reached skill level 5 in Invocations
  9183 | Lair:4   | Noticed a seven-headed hydra
  9194 | Lair:4   | Killed a six-headed hydra
  9422 | Lair:4   | Noticed a four-headed hydra
  9434 | Lair:4   | Killed a one-headed hydra
  9639 | Lair:4   | Reached skill level 10 in Evocations
 10073 | Lair:4   | Noticed a seven-headed hydra
 10079 | Lair:4   | Killed a two-headed hydra
 10166 | Lair:5   | Noticed Nessos
 10177 | Lair:5   | Killed Nessos
 10230 | Lair:5   | Reached skill level 13 in Axes
 10232 | Lair:5   | Reached XP level 13. HP: 118/118 MP: 13/13
 10745 | Lair:6   | Entered Level 6 of the Lair of Beasts
 10757 | Lair:6   | Reached skill level 10 in Armour
 10759 | Lair:6   | Reached skill level 10 in Shields
 10808 | Lair:6   | Found a runed translucent door.
 10809 | Lair:6   | Noticed a fire dragon
 10882 | Lair:6   | Killed a fire dragon
 11022 | Lair:6   | Reached ****** piety under Makhleb
 11309 | Lair:6   | Found a staircase to the Slime Pits.
 11977 | Lair:6   | Paralysed by a hornet for 1 turns
 12057 | Lair:6   | Reached skill level 14 in Axes
 12080 | Lair:6   | Paralysed by a hornet for 1 turns
 12359 | Orc:1    | Entered Level 1 of the Orcish Mines
 12395 | Orc:1    | Noticed Fannar
 12429 | Orc:1    | Killed Fannar
 12487 | Orc:2    | Entered Level 2 of the Orcish Mines
 12487 | Orc:2    | Found a staircase to the Elven Halls.
 12531 | Orc:2    | Gained mutation: You resist negative energy. (rN+) [Deep
                  | Dwarf growth]
 12531 | Orc:2    | Reached XP level 14. HP: 118/129 MP: 15/15
 12782 | Orc:2    | Noticed an orc warlord
 12865 | Orc:2    | Killed an orc warlord
 12883 | Orc:2    | Found a roughly hewn altar of Beogh.
 12887 | Orc:2    | Noticed Urug
 12913 | Orc:2    | Gained mutation: Your flesh is heat resistant. (rF+) [a
                  | neqoxec]
 12957 | Orc:2    | Killed Urug
 13039 | Orc:2    | Found Ditsid's Antique Weapon Emporium.
 13195 | Orc:2    | Found Gialunao's Jewellery Emporium.
 13201 | Orc:2    | Bought a +5 ring of protection for 770 gold pieces
 13236 | Orc:2    | Found a shimmering blue altar of Sif Muna.
 13364 | Orc:2    | Found Atosm's General Store.
 13378 | Orc:2    | Found Nympuopp's Antique Armour Emporium.
 13402 | Orc:2    | Bought an iridescent war axe for 263 gold pieces
 13402 | Orc:2    | Identified the +10 war axe "Ijach" {speed, Dex+2} (You
                  | bought it in a shop on level 2 of the Orcish Mines)
 13774 | Spider:1 | Entered Level 1 of the Spider Nest
 13970 | Orc:2    | Bought a glowing chain mail for 180 gold pieces
 14200 | Spider:1 | Noticed Asterion
 14206 | Spider:1 | Noticed an Executioner
 14242 | Spider:1 | Annihilated by Asterion

Levels and vault maps discovered:
D:1:      dpeg_arrival_pits, layout_basic
D:2:      layout_loops_ring, serial_park_tiny_2, minivault_19, okawaru_trees_1,
          uniq_robin
D:3:      layout_basic, first_ration, tgw_kikubaaqudgha
D:4:      layout_basic, minmay_temple_entry_glassed_door,
          grunt_decor_mini_mirrors, kennysheep_flooded_box,
          kennysheep_small_spiral, minmay_misc_feat_cross
D:5:      layout_gridville, marbit_many_paths, st_stairs_14, minivault_26,
          chequers_mini_garden
D:6:      layout_loops_ring, kennysheep_mini_moat,
          grunt_temple_overflow_order_and_chaos_2, lemuel_round_altar,
          enter_ossuary_1, evilmike_ruin_ashenzari
D:7:      layout_cave_pools, nemelex_xobeh_ov_fountains_minmay, basic_altar
D:8:      layout_loops_ring, old_standard_altar, basic_altar, hangedman_ranch
          [blue_anna_fruit_fields], uniq_pikel
D:9:      layout_stronghold, small_statue_intersection, minivault_25_ag,
          uniq_maurice
D:10:     layout_roguey, due_lair_maze_entry_diamond, hex_medium
D:11:     layout_long_grid, serial_shops, shop
Temple:   regret_index_temple_generic_petals
Lair:1:   layout_gridlike, portal_ice_cave_demonic_guard, st_stairs_12,
          serial_bayou_crossing, grunt_megastairs_1
Lair:2:   layout_regular_city, minmay_shoals_entry_centaurs,
          spider_nest_entry_a, maelrawn_ghost_gauntlet_escape
Lair:3:   layout_roguey
Lair:4:   cheibrodos_lair_river_kwai, layout_regular_city, lemuel_fruit_fields,
          lemuel_fruit_tree, serial_bayou_shore_a
Lair:5:   layout_cave_shapes, uniq_nessos
Lair:6:   hangedman_lair_caniforms_friends, layout_misc_corridors, wormcave,
          minmay_slime_entry_pillars, nicolae_quartered_pool_super
Spider:1: layout_spider_delve, uniq_asterion
Orc:1:    layout_diamond_mine, uniq_fannar
Orc:2:    grunt_orc_cross, layout_diamond_mine, led_sif_book

Skill      XL: |  1  2  3  4  5  6  7  8  9 10 11 12 13 14 |
---------------+-------------------------------------------+-----
Axes           | 3 4 5 6 8 9 10 11 13 14 | 14.9
Fighting       | 3 4 5 6 7 8 9 |  9.7
Armour         | 4 5 6 7 8 9 10 11 | 11.3
Shields        | 4 5 6 7 8 9 10 11 | 11.3
Evocations     | 1 3 5 6 8 9 10 11 | 11.0
Dodging        | 1 3 5 6 7 8 9 |  9.5
Invocations    | 1 4 6 8 9 |  9.7

Action                   |  1- 3 |  4- 6 |  7- 9 | 10-12 | 13-15 || total
-------------------------+-------+-------+-------+-------+-------++-------
Melee: War axe           |    90 |    66 |   305 |       |   102 ||   563
       Hand axe          |       |       |    17 |  1010 |   980 ||  2007
Invok: Lesser Servant of |       |       |       |     2 |     3 ||     5
 Abil: Heal Wounds       |     2 |     5 |     8 |    25 |    22 ||    62
Evoke: Wand              |       |       |       |     7 |     6 ||    13
  Use: Scroll            |       |       |     4 |    14 |    13 ||    31
       Potion            |       |       |       |       |     3 ||     3
 Stab: Paralysed         |       |       |       |     4 |       ||     4
       Distracted        |       |       |       |       |     2 ||     2
  Eat: Chunk             |       |     3 |     5 |    22 |    11 ||    41
       Ration            |       |       |     1 |       |     1 ||     2
Armor: Scale mail        |    37 |    30 |    91 |       |       ||   158
       Plate armour      |       |       |    99 |   363 |   361 ||   823
       Skin              |       |       |       |       |    31 ||    31
       Chain mail        |       |       |       |       |    77 ||    77
Dodge: Dodged            |    25 |    28 |   102 |   270 |   357 ||   782
Block: Shield            |    45 |    52 |   231 |   514 |   674 ||  1516
